 Dungeon Crawl Stone Soup version 0.29-a0-284-gf9362112df (webtiles) character file.

Game seed: 8858573996700259501

445 spaghetti the Covert (level 7, 0/59 HPs)
             Began as a Gnoll Delver on Mar 25, 2022.
             Slain by a black bear (1 damage)
             ... on level 5 of the Dungeon.
             The game lasted 00:01:27 (1162 turns).

spaghetti the Covert (Gnoll Delver)                 Turns: 1162, Time: 00:01:27

Health: 0/59       AC:  3    Str: 12    XL:     7   Next: 3%
Magic:  10/10      EV: 13    Int:  9    God:
Gold:   39         SH:  0    Dex: 15    Spells: 10/10 levels left

rFire   . . .      SeeInvis .   a - +0 falchion {long}
rCold   . . .      Faith    .   (no shield)
rNeg    . . .      Spirit   .   b - +0 leather armour
rPois   .          Reflect  .   (no helmet)
rElec   .          Harm     .   (no cloak)
rCorr   .          Rampage  .   (no gloves)
Will    .....                   (no boots)
Stlth   ++++......              (no amulet)
HPRegen 0.19/turn               (no ring)
MPRegen 0.12/turn               (no ring)

@: no status effects
A: fangs 1, strong nose, distributed training
a: no special abilities


You were on level 5 of the Dungeon.
You visited 1 branch of the dungeon, and saw 1 of its levels.

You collected 39 gold pieces.


Innate Abilities, Weirdness & Mutations

You have very sharp teeth.
Your uncanny sense of smell can sniff out nearby items.
Your experience applies equally to all skills.


   Skills:
 + Level 6.9 Fighting
 + Level 2.2 Short Blades
 + Level 5.1 Long Blades
 + Level 2.2 Axes
 + Level 2.2 Maces & Flails
 + Level 2.2 Polearms
 + Level 2.2 Staves
 + Level 2.2 Slings
 + Level 2.2 Bows
 + Level 2.2 Crossbows
 + Level 2.2 Throwing
 + Level 2.2 Armour
 + Level 5.1 Dodging
 + Level 9.8 Stealth
 + Level 2.2 Shields
 + Level 2.2 Unarmed Combat
 + Level 2.2 Spellcasting
 + Level 1.8 Conjurations
 + Level 1.8 Hexes
 + Level 1.8 Summonings
 + Level 1.8 Necromancy
 + Level 1.8 Translocations
 + Level 1.8 Transmutations
 + Level 1.8 Fire Magic
 + Level 1.8 Ice Magic
 + Level 1.8 Air Magic
 + Level 1.8 Earth Magic
 + Level 1.8 Poison Magic
 + Level 2.4 Invocations
 + Level 2.2 Evocations


You had 10 spell levels left.
You didn't know any spells.
Your spell library was empty.

Inventory:

Hand Weapons
 a - a +0 falchion (weapon) {long}
Missiles
 j - 18 stones (quivered) {throwing}
Armour
 b - a +0 leather armour (worn)
Wands
 g - a wand of digging (3)
 k - a wand of iceblast (9)
   (You found it on level 5 of the Dungeon)
Scrolls
 c - a scroll of fog
 d - a scroll of magic mapping {!r}
 e - a scroll of fear
 i - a scroll of identify {unknown}
 l - a scroll of summoning {unknown}
Potions
 f - a potion of haste {@q3}
 h - a potion of degeneration {unknown}

Dungeon Overview and Level Annotations

Branches:
Dungeon (5/15)
 Temple: D:4-7

Altars:

Shops:
D:5

*
..).##......##.........#
>...##......##........##
............##.##......#
..รท............#........
...............#........
........##..............
....##...##...##...####
...###...............#
..## ...###....#@...##
.## ##...##..#.#h...# ###
#........####....#
..###.....#..# ...##
..........#..# ...#
...........โ€ .## #.##
...##.........## ##
..###..........#
...##^.......###


You could see a black bear (berserk).


Message History

Blork the orc casts a spell at you. The magic dart hits you!
* * * LOW HITPOINT WARNING * * *
๐Ÿ˜จ HP[-7]
You take 7 damage, and now have 18/53 hp.
You hit Blork the orc. You slash Blork the orc!
You kill Blork the orc!
You flicker for a moment.
You have reached level 7! ๐Ÿ˜จ HP[+2] MP[+1]
You now have 59 max hp (+6).
You regained 2 hp, and now have 20/59 hp.
Your mp is fully restored (10).
Unknown command.
Unknown command. ๐Ÿ˜จ HP[+1]
You catch the helpless adder completely off-guard!
You hit the adder. The adder barely misses you.
You barely miss the adder. The adder misses you.
You slash the adder!
You kill the adder!
You flicker back into view.
You see here an adder corpse.
Key pressed, stopping explore.
Key pressed, stopping explore.
Things that are here:
a +0 scimitar {long}; a +0 robe; ๐Ÿ˜Ž HP[+38]
Your hp is fully restored (59).
Things that are here:
a +0 hand axe {axe}; a +1 ring mail of fire resistance
Items here: )) [[ รทรท.
h - a fizzy green potion Unknown command.
Unknown command.
You see here an adder skeleton.
l - a scroll labelled UTZYEZIHIUD You now have 39 gold pieces (gained 9).
A black bear comes into view.
A black bear is nearby!
A black bear is nearby!
The helpless black bear fails to defend itself.
You slash the black bear! The black bear misses you. x2
The black bear completely misses you.
You hit the black bear but do no damage.
You bite the black bear.
The black bear bites you but does no damage.
The black bear claws you but does no damage.
The black bear closely misses you.
You hit the black bear. The black bear bites you.
The black bear closely misses you. x2 ๐Ÿ˜• HP[-4]
You take 4 damage, and now have 55/59 hp.
You closely miss the black bear. The black bear closely misses you.
The black bear claws you but does no damage.
The black bear barely misses you.
You slash the black bear! Your bite misses the black bear.
The black bear goes berserk! ๐Ÿ˜• HP[+1]
You hit the black bear.
You bite the black bear, but do no damage.
The black bear bites you. The black bear closely misses you.
The black bear claws you. The black bear barely misses you.
The black bear claws you. The black bear misses you. ๐Ÿ˜• HP[-11]
You take 11 damage, and now have 45/59 hp.
You closely miss the black bear. The black bear bites you!
The black bear claws you but does no damage. x2 ๐Ÿ˜ฎ HP[-9]
You take 9 damage, and now have 36/59 hp.
You hit the black bear. The black bear bites you!
* * * LOW HITPOINT WARNING * * *
The black bear claws you.
* * * LOW HITPOINT WARNING * * *
The black bear closely misses you. The black bear bites you.
* * * LOW HITPOINT WARNING * * *
The black bear claws you but does no damage.
The black bear claws you.
* * * LOW HITPOINT WARNING * * *
๐Ÿ˜จ HP[-17]
You take 17 damage, and now have 19/59 hp.
MASSIVE DAMAGE!! (PAUSE)
You barely miss the black bear. The black bear barely misses you.
The black bear claws you.
* * * LOW HITPOINT WARNING * * *
The black bear claws you.
* * * LOW HITPOINT WARNING * * *
๐Ÿ˜จ HP[-2]
You take 2 damage, and now have 17/59 hp.
You hit the black bear. The black bear closely misses you.
The black bear claws you.
* * * LOW HITPOINT WARNING * * *
The black bear claws you.
* * * LOW HITPOINT WARNING * * *
The black bear bites you!
* * * LOW HITPOINT WARNING * * *
The black bear claws you.
* * * LOW HITPOINT WARNING * * *
The black bear claws you.
You die...

Skill      XL: |  1  2  3  4  5  6 |
---------------+-------------------+-----
Stealth        | |  9.8
Invocations    | 1 2 |  2.4
Short Blades   | 1 2 |  2.2
Axes           | 1 2 |  2.2
Maces & Flails | 1 2 |  2.2
Polearms       | 1 2 |  2.2
Staves         | 1 2 |  2.2
Slings         | 1 2 |  2.2
Bows           | 1 2 |  2.2
Crossbows      | 1 2 |  2.2
Throwing       | 1 2 |  2.2
Armour         | 1 2 |  2.2
Shields        | 1 2 |  2.2
Unarmed Combat | 1 2 |  2.2
Spellcasting   | 1 2 |  2.2
Conjurations   | 1 |  1.8
Hexes          | 1 |  1.8
Summonings     | 1 |  1.8
Necromancy     | 1 |  1.8
Translocations | 1 |  1.8
Transmutations | 1 |  1.8
Fire Magic     | 1 |  1.8
Ice Magic      | 1 |  1.8
Air Magic      | 1 |  1.8
Earth Magic    | 1 |  1.8
Poison Magic   | 1 |  1.8
Evocations     | 1 2 |  2.2
Long Blades    | 5 |  5.1
Dodging        | 5 |  5.1
Fighting       | |  6.9

Action                   |  1- 3 |  4- 6 |  7- 9 || total
-------------------------+-------+-------+-------++-------
Melee: Falchion          |    25 |    63 |    13 ||   101
       Bite              |     2 |     9 |     2 ||    13
       Punch             |       |     1 |       ||     1
  Use: Potion            |       |     1 |       ||     1
 Stab: Sleeping          |     2 |     1 |     1 ||     4
       Distracted        |     1 |       |       ||     1
       Invisible         |       |     3 |     1 ||     4
Armor: Leather armour    |     2 |     4 |     6 ||    12
Dodge: Dodged            |    16 |    38 |    16 ||    70

Levels and vault maps discovered:
D:5:      layout_cave_pools, nicolae_shop_clearance, uniq_blork_the_orc

Notes
Turn   | Place    | Note
-------+----------+-------------------------------------------
     0 | D:5      | Reached skill level 9 in Stealth
     0 | D:5      | spaghetti the Gnoll Delver began the quest for the Orb.
     0 | D:5      | Reached XP level 1. HP: 23/23 MP: 1/1
     0 | D:5      | magus.rc [v1.9.6]
    12 | D:5      | Noticed a hound
    20 | D:5      | Killed a hound
    21 | D:5      | Reached XP level 2. HP: 29/29 MP: 2/2
    21 | D:5      | Reached XP level 3. HP: 35/35 MP: 3/3
    32 | D:5      | Reached skill level 1 in Invocations
    63 | D:5      | Found Said's CLEARANCE SALE!.
    64 | D:5      | Noticed a phantom
    90 | D:5      | Killed a phantom
    91 | D:5      | Reached skill level 1 in Short Blades
    91 | D:5      | Reached skill level 1 in Axes
    91 | D:5      | Reached skill level 1 in Maces & Flails
    91 | D:5      | Reached skill level 1 in Polearms
    91 | D:5      | Reached skill level 1 in Staves
    91 | D:5      | Reached skill level 1 in Slings
    91 | D:5      | Reached skill level 1 in Bows
    91 | D:5      | Reached skill level 1 in Crossbows
    91 | D:5      | Reached skill level 1 in Throwing
    91 | D:5      | Reached skill level 1 in Armour
    91 | D:5      | Reached skill level 1 in Shields
    91 | D:5      | Reached skill level 1 in Unarmed Combat
    91 | D:5      | Reached skill level 1 in Spellcasting
    91 | D:5      | Reached skill level 1 in Conjurations
    91 | D:5      | Reached skill level 1 in Hexes
    91 | D:5      | Reached skill level 1 in Summonings
    91 | D:5      | Reached skill level 1 in Necromancy
    91 | D:5      | Reached skill level 1 in Translocations
    91 | D:5      | Reached skill level 1 in Transmutations
    91 | D:5      | Reached skill level 1 in Fire Magic
    91 | D:5      | Reached skill level 1 in Ice Magic
    91 | D:5      | Reached skill level 1 in Air Magic
    91 | D:5      | Reached skill level 1 in Earth Magic
    91 | D:5      | Reached skill level 1 in Poison Magic
    91 | D:5      | Reached skill level 1 in Evocations
    91 | D:5      | Reached XP level 4. HP: 18/41 MP: 5/5
   328 | D:5      | Reached XP level 5. HP: 28/47 MP: 5/7
   646 | D:5      | Reached skill level 2 in Invocations
   646 | D:5      | Reached XP level 6. HP: 34/53 MP: 8/8
   678 | D:5      | Reached skill level 5 in Long Blades
   678 | D:5      | Reached skill level 5 in Dodging
   885 | D:5      | Noticed Blork the orc
   889 | D:5      | Reached skill level 2 in Short Blades
   889 | D:5      | Reached skill level 2 in Axes
   889 | D:5      | Reached skill level 2 in Maces & Flails
   889 | D:5      | Reached skill level 2 in Polearms
   889 | D:5      | Reached skill level 2 in Staves
   889 | D:5      | Reached skill level 2 in Slings
   889 | D:5      | Reached skill level 2 in Bows
   889 | D:5      | Reached skill level 2 in Crossbows
   889 | D:5      | Reached skill level 2 in Throwing
   889 | D:5      | Reached skill level 2 in Armour
   889 | D:5      | Reached skill level 2 in Shields
   889 | D:5      | Reached skill level 2 in Unarmed Combat
   889 | D:5      | Reached skill level 2 in Spellcasting
   889 | D:5      | Reached skill level 2 in Evocations
   913 | D:5      | Killed Blork the orc
   914 | D:5      | Reached XP level 7. HP: 20/59 MP: 10/10
  1162 | D:5      | HP: 12/59 [black bear (5)]
  1162 | D:5      | HP: 3/59 [black bear (9)]
  1162 | D:5      | HP: 1/59 [black bear (2)]
  1162 | D:5      | Slain by a black bear

Vanquished Creatures
  2 phantoms (D:5)
  Blork the orc (D:5)
  A necrophage (D:5)
  2 orc priests (D:5)
  A hound (D:5)
  2 iguanas (D:5)
  2 adders (D:5)
  A white imp (D:5)
  A dart slug (D:5)
13 creatures vanquished.

Vanquished Creatures (others)
  An orc (D:5)
1 creature vanquished.

Grand Total: 14 creatures vanquished

Table legend:
 A = Non-vault XP
 B = Vault XP
 C = Vault XP percentage of total XP
 D = Non-vault monster count
 E = Vault monster count
 F = Vault count percentage of total count
                 A         B        C        D         E       F
            +---------+---------+-------+---------+---------+-------
      Total |     542 |      94 |  14.8 |      12 |       1 |   7.7
            +---------+---------+-------+---------+---------+-------
        D:5 |     542 |      94 |  14.8 |      12 |       1 |   7.7
            +---------+---------+-------+---------+---------+-------

Illustrated notes

Table legend:
 A = Kills in this place as a percentage of kills in entire the game.
 B = Kills by you in this place as a percentage of kills by you in the entire game.
 C = Kills by friends in this place as a percentage of kills by friends in the entire game.
 D = Other kills in this place as a percentage of other kills in the entire game.
 E = Experience gained in this place as a percentage of experience gained in the entire game.
 F = Experience gained in this place divided by the number of levels of this place that you have seen.
                   A       B       C       D       E      F
               +-------+-------+-------+-------+-------+----------------------
         Total | 100.0 | 100.0 |   N/A |   N/A | 100.0 | 636.0
       Dungeon | 100.0 | 100.0 |   N/A |   N/A | 100.0 | 636.0
               +-------+-------+-------+-------+-------+----------------------

Table legend: (Time is in decaauts)
 A = Elapsed time spent in this place.
 B = Non-inter-level travel time spent in this place.
 C = Inter-level travel time spent in this place.
 D = Time resting spent in this place.
 E = Time spent auto-exploring this place.
 F = Levels seen in this place.
 G = Mean time per level.
                   A        B        C        D        E       F      G
               +--------+--------+--------+--------+--------+-----+--------+
         Total |   1168 |   1168 |      0 |    354 |    630 |   1 | 1168.0 |
       Dungeon |   1168 |   1168 |      0 |    354 |    630 |   1 | 1168.0 |
               +--------+--------+--------+--------+--------+-----+--------+

Top non-repeatable levels by time:
     D:5: 1168 daAuts
